 Seeded DCSS version 0.29.1-2-gbd0b4ee654 (webtiles) character file.

Game seed: 20221101 (custom seed)

68 Nerdsrcool the Poker (level 4, -2/37 HPs)
             Began as a Merfolk Chaos Knight on Nov 1, 2022.
             Was an Initiate of Ru.
             Slain by an iguana (19 damage)
             ... on level 3 of the Dungeon.
             The game lasted 00:05:18 (1814 turns).

Nerdsrcool the Poker (Merfolk Chaos Knight)         Turns: 1814, Time: 00:05:19

Health: -2/37      AC:  5    Str: 14    XL:     4   Next: 19%
Magic:  4/4        EV: 12    Int: 11    God:    Ru [......]
Gold:   98         SH:  0    Dex: 13    Spells: 3/3 levels left

rFire   . . .      SeeInvis .   a - +0 spear (chaos)
rCold   . . .      Faith    .   (no shield)
rNeg    . . .      Spirit   .   b - +2 leather armour
rPois   .          Reflect  .   (no helmet)
rElec   .          Harm     .   (no cloak)
rCorr   .          Rampage  .   (no gloves)
Will    .....                   (no boots)
Stlth   +.........              n - amulet of magic regeneration
HPRegen 0.12/turn               (no ring)
MPRegen 0.49/turn               (no ring)

@: no status effects
A: (nimble swimmer 2), mertail
a: Renounce Religion, Sacrifice Arcana, Sacrifice Resistance, Sacrifice Love,
Reject Sacrifices


You were on level 3 of the Dungeon.
You worshipped Ru.
Ru was noncommittal.
You visited 1 branch of the dungeon, and saw 3 of its levels.

You collected 98 gold pieces.

Inventory:

Hand Weapons
 a - a +0 spear of chaos (weapon)
Missiles
 k - 10 javelins
Armour
 b - a +2 leather armour (worn)
 q - a +1 robe of willpower
Magical Staves
 e - a staff of air
Jewellery
 n - an amulet of magic regeneration (around neck)
Scrolls
 f - a scroll of identify {unknown}
 h - a scroll of fear {unknown}
 i - a scroll of amnesia {unknown}
 j - 2 scrolls of teleportation {unknown}
 m - a scroll of torment {unknown}
 o - a scroll of enchant armour {unknown}
 p - a scroll of silence {unknown}
 r - a scroll of vulnerability {unknown}
Potions
 d - 2 potions of lignification {unknown}
 g - 3 potions of brilliance {unknown}
 l - a potion of experience {unknown}
Miscellaneous
 c - a piece from Xom's chessboard (7/15) (quivered)


   Skills:
 + Level 3.9 Fighting
 + Level 4.7 Polearms
 + Level 1.4 Armour
 + Level 3.6 Dodging


You had 3 spell levels left.
You didn't know any spells.
Your spell library contained the following spells:

 Spells                   Type           Power      Damage    Failure   Level
 Ozocubu's Armour         Ice            0%         N/A       78%         3
 Ozocubu's Refrigeration  Ice            0%         4d7       100%        7


Dungeon Overview and Level Annotations

Branches:
Dungeon (3/15)

Altars:
Ru


Innate Abilities, Weirdness & Mutations

((You are very nimble when in or above water. (Stealth+, EV+, Speed+++)))
Your lower body shifts to a powerful aquatic tail in water.


Message History

You are too injured to fight recklessly!
You are too injured to fight recklessly!
You are too injured to fight recklessly!
You are too injured to fight recklessly!
You are too injured to fight recklessly!
You are too injured to fight recklessly!
You are too injured to fight recklessly!
You are too injured to fight recklessly!
You are too injured to fight recklessly!
You are too injured to fight recklessly!
You are too injured to fight recklessly!
You are too injured to fight recklessly!
You are too injured to fight recklessly!
You are too injured to fight recklessly!
You are too injured to fight recklessly!
You are too injured to fight recklessly!
You are too injured to fight recklessly!
You are too injured to fight recklessly!
You are too injured to fight recklessly!
You are too injured to fight recklessly!
You are too injured to fight recklessly!
You are too injured to fight recklessly!
You are too injured to fight recklessly!
You are too injured to fight recklessly!
You are too injured to fight recklessly!
You are too injured to fight recklessly!
You are too injured to fight recklessly!
You are too injured to fight recklessly!
You are too injured to fight recklessly!
You hit the iguana but do no damage.
The iguana is lightly wounded.
The iguana barely misses you.
You hit the iguana.
The iguana is poisoned.
The iguana is moderately wounded.
The iguana barely misses you.
You hit the iguana. You punch the iguana.
The iguana is heavily wounded.
The iguana misses you. The iguana bites you!!
Ouch! That really hurt!
You die...

.......
.......##
.........
........#
........#
........#
.......l#
#@# #.#
##.# #..#
#.## #.#
#.# #.#
#.#


You could see an iguana (berserk, very poisoned).

Vanquished Creatures
  Jessica (D:3)
  An adder (D:2)
  4 ball pythons
  2 bats
  4 endoplasms
  A giant cockroach (D:2)
  4 goblins
  5 hobgoblins (D:1)
  A quokka (D:2)
  A frilled lizard (D:1)
  5 kobolds
  2 rats
31 creatures vanquished.

Notes
Turn   | Place    | Note
-------+----------+-------------------------------------------
     0 | D:1      | Nerdsrcool the Merfolk Chaos Knight began the quest for the
                  | Orb.
     0 | D:1      | Reached XP level 1. HP: 18/18 MP: 1/1
   154 | D:1      | Reached XP level 2. HP: 24/24 MP: 2/2
   265 | D:1      | Reached skill level 1 in Armour
   532 | D:1      | XOM: silly message
   641 | D:1      | XOM: divination: detect creatures
   678 | D:1      | XOM: silly message
   867 | D:1      | XOM: silly message
   995 | D:2      | XOM: divination: detect items
  1015 | D:2      | XOM: divination: magic mapping
  1043 | D:2      | XOM: silly message
  1058 | D:2      | Noticed a shining eye
  1087 | D:2      | Reached XP level 3. HP: 29/29 MP: 3/3
  1192 | D:2      | XOM: silly message
  1258 | D:2      | XOM: silly message
  1474 | D:2      | Found a faded altar of an unknown god.
  1475 | D:2      | Noticed a great orb of eyes
  1477 | D:2      | Noticed a golden eye
  1477 | D:2      | Noticed a golden eye
  1485 | D:2      | Prayed at the altar of an unknown god.
  1485 | D:2      | Fell from the grace of Xom
  1485 | D:2      | Became a worshipper of Ru the Awakened
  1650 | D:3      | Noticed Jessica
  1653 | D:3      | Killed Jessica
  1654 | D:3      | Reached XP level 4. HP: 37/37 MP: 4/4
  1814 | D:3      | Slain by an iguana

Illustrated notes

Levels and vault maps discovered:
D:1:      psy_arrival_dodecagon, layout_basic
D:2:      layout_rooms, hellmonk_ecumenical_altar_watching_god, minivault_14
D:3:      layout_loops_ring, uniq_jessica

Skill      XL: |  1  2 |
---------------+-------+-----
Dodging        | 3 |  3.6
Armour         | 1 |  1.4
Fighting       | |  3.9
Polearms       | |  4.7

Action                   |  1- 3 |  4- 6 || total
-------------------------+-------+-------++-------
Melee: Spear             |    67 |    30 ||    97
       Punch             |       |     1 ||     1
Evoke: Piece from Xom's  |    10 |       ||    10
 Stab: Paralysed         |    10 |       ||    10
       Petrified         |     1 |       ||     1
Armor: Leather armour    |    19 |     6 ||    25
Dodge: Dodged            |    14 |    13 ||    27
